 Dungeon Crawl Stone Soup version 0.21.0-3-g78d12a8bdd (webtiles) character file.

77 Berahthraban the Magician (level 4, 0/26 HPs)
             Began as a Gargoyle Wizard on Jan 15, 2018.
             Killed from afar by Natasha (2 damage)
             ... with a magic dart
             ... on level 2 of the Dungeon.
             The game lasted 00:10:47 (1883 turns).

Berahthraban the Magician (Gargoyle Wizard)         Turns: 1883, Time: 00:10:48

Health: 0/26       AC:  5    Str: 10    XL:     4   Next: 33%
Magic:  8/8        EV: 12    Int: 20    God:
Gold:   102        SH:  0    Dex:  8    Spells: 6/9 levels left

rFire    . . .     SeeInvis .   a - +2 mace (drain)
rCold    . . .     Gourm    .   (no shield)
rNeg     + . .     Faith    .   j - +0 robe
rPois    ∞         Spirit   .   b - +0 hat
rElec    +         Reflect  .   (no cloak)
rCorr    .         Harm     .   (no gloves)
MR       .....                  (no boots)
Stlth    +++.......             (no amulet)
HPRegen  0.08/turn              e - ring of stealth
MPRegen  0.11/turn              (no ring)

@: no status effects
A: negative energy resistance 1, electricity resistance, unbreathing,
petrification resistance, rot immunity, AC +3
a: no special abilities


You were on level 2 of the Dungeon.
You were not hungry.

You visited 1 branch of the dungeon, and saw 2 of its levels.

You collected 102 gold pieces.


Innate Abilities, Weirdness & Mutations

You are resistant to torment.
Your stone body is resilient. (AC +3)
You are immune to poison.
You resist negative energy. (rN+)
You are resistant to electric shocks. (rElec)
You can survive without breathing.
You are immune to petrification.
You are immune to rotting.


   Skills:
 + Level 2.2 Fighting
 + Level 2.4 Dodging
 - Level 2.1 Stealth
 - Level 3.0 Spellcasting
 + Level 2.6 Conjurations
 - Level 0.8 Summonings
   Level 0.8 Translocations


You had 6 spell levels left.
You knew the following spells:

 Your Spells              Type           Power        Failure   Level  Hunger
a - Magic Dart            Conj           ##..         4%          1    None
b - Call Imp              Summ           #.......     16%         2    ##.....

Inventory:

Hand Weapons
 a - a +2 mace of draining (weapon)
Armour
 b - a +0 hat (worn)
 j - a +0 robe (worn)
 l - a +0 leather armour
Jewellery
 e - a ring of stealth (left hand)
Scrolls
 f - a scroll of random uselessness {unknown}
 g - 3 scrolls of identify {unknown}
 m - 2 scrolls of remove curse {unknown}
 p - a scroll of amnesia {unknown}
Potions
 h - a potion of heal wounds {unknown}
 k - 3 potions of curing {unknown}
 n - a potion of magic {unknown}
 o - a potion of resistance {unknown}
 q - 2 potions of lignification {unknown}
Books
 c - a book of Minor Magic

   Spells                             Type                      Level
   a - Magic Dart                     Conjuration                  1
   b - Blink                          Translocation                2
   c - Call Imp                       Summoning                    2
   d - Slow                           Hexes                        2
   e - Conjure Flame                  Conjuration/Fire             3
   f - Mephitic Cloud                 Conjuration/Poison/Air       3
Comestibles
 d - 4 rations
 i - 2 chunks of flesh

Dungeon Overview and Level Annotations

Branches:
Dungeon (2/15)

Altars:

Annotations:
D:1 cleared
D:2 Natasha

######...... #.##### #.#####
##.h.... ###############...####
#............##...#
############.###.......h....(##
#............#<#........).....#
#.##.#######.#..@...5.........#
#.##'## ##.##.).............###
..#...# #...#.##...............
....♣.## ##.♣...##...........###.
..#....# #....####...........##..
#.##...###..)#####...........##.#
#.##....#....##..............##..
#.###.......###.#################
#.# #.<.♣.>.# #.#


You could see Natasha and a crimson imp.


Message History

Magic restored.
Natasha mumbles some strange words.
Natasha stares at you and mumbles some strange words.
You resist with some effort. Natasha casts a spell at you.
You resist with some effort.
Natasha stares at you and mumbles some strange words.
The magic dart hits you!
* * * LOW HITPOINT WARNING * * *
You see here a club.
Natasha casts a spell at you. The magic dart hits you!
* * * LOW HITPOINT WARNING * * *
Natasha mumbles some strange words.
Natasha wildly gestures.
You feel disoriented. Natasha casts a spell at you. The magic dart hits you!
* * * LOW HITPOINT WARNING * * *
Natasha stares at you and mumbles some strange words.
You resist with some effort.
Natasha mumbles some strange words.
Natasha casts a spell at you. You resist with some effort.
Natasha stares at you and mumbles some strange words.
The magic dart hits you!
* * * LOW HITPOINT WARNING * * *
Natasha stares at you and mumbles some strange words.
The magic dart hits you!
You die...

Action                   |  1- 3 |  4- 6 || total
-------------------------+-------+-------++-------
Melee: Dagger            |    26 |       ||    26
       Unarmed           |     5 |       ||     5
       Mace              |    39 |       ||    39
 Cast: Magic Dart        |    63 |       ||    63
 Stab: Sleeping          |     6 |       ||     6
  Eat: Chunk             |     3 |       ||     3
Armor: Robe              |    32 |       ||    32
Dodge: Dodged            |    67 |       ||    67

Vault maps used:
D:1:      dpeg_arrival_round_c
D:2:      grunt_ministairs_13, minmay_small_reverse_x, uniq_natasha

Notes
Turn   | Place    | Note
-------+----------+-------------------------------------------
     0 | D:1      | Berahthraban the Gargoyle Wizard began the quest for the Orb.
     0 | D:1      | Reached XP level 1. HP: 10/10 MP: 4/4
   325 | D:1      | Reached XP level 2. HP: 13/16 MP: 0/6
   486 | D:1      | Reached skill level 1 in Fighting
   711 | D:1      | Learned a level 2 spell: Call Imp
  1040 | D:2      | Reached skill level 2 in Dodging
  1055 | D:2      | Reached skill level 2 in Conjurations
  1137 | D:2      | Reached XP level 3. HP: 15/20 MP: 0/7
  1738 | D:2      | Noticed Natasha
  1753 | D:2      | Killed Natasha
  1753 | D:2      | Reached skill level 2 in Fighting
  1753 | D:2      | Reached XP level 4. HP: 11/26 MP: 0/8
  1804 | D:2      | Noticed Natasha
  1882 | D:2      | HP: 2/26 [Natasha/magic dart (7)]
  1883 | D:2      | Killed from afar by Natasha

Vanquished Creatures
  Natasha (D:2)
  An adder (D:2)
  3 worms (D:2)
  2 leopard geckos (D:1)
  A giant cockroach (D:1)
  8 goblins
  5 hobgoblins
  2 quokkas (D:2)
  A bat (D:1)
  4 frilled lizards
  3 kobolds
  3 rats
34 creatures vanquished.
